 Dungeon Crawl Stone Soup version 0.28-a0-1235-g7c8fac35f0 (webtiles) character file.

Game seed: 18216814351031344428

833 SnakkuSnakku7 the Poker (level 7, -3/93 HPs)
             Began as a Naga Cinder Acolyte on Dec 24, 2021.
             Was a Believer of Ignis.
             Killed from afar by Ijyb (17 damage)
             ... with a bolt of acid
             ... on level 5 of the Dungeon.
             The game lasted 00:08:58 (4851 turns).

SnakkuSnakku7 the Poker (Naga Cinder Acolyte)       Turns: 4851, Time: 00:08:58

Health: -3/93      AC: 15    Str: 16    XL:     7   Next: 98%
Magic:  8/8        EV:  1    Int: 15    God:    Ignis [**....]
Gold:   2558       SH:  0    Dex:  8    Spells: 8/8 levels left

rFire   + . .      SeeInvis +   a - +2 bardiche
rCold   . . .      Faith    .   (shield currently unavailable)
rNeg    . . .      Spirit   .   (armour currently unavailable)
rPois   +          Reflect  .   (helmet currently unavailable)
rElec   .          Harm     .   (cloak currently unavailable)
rCorr   .          Rampage  .   (gloves currently unavailable)
Will    .....      NoTele   +   (no barding)
Stlth   +.........              u - amulet of regeneration
HPRegen 1.05/turn               j - +4 ring of evasion
MPRegen 0.11/turn               (no ring)

@: tree-form, corroded
A: stationary, stasis, torment immunity, boosted hp, AC +2, large, see
invisible, (deformed body), (poison resistance), (slowness 2), spit poison 1,
(naga tail 1)
a: Spit Poison, Renounce Religion, Fiery Armour, Foxfire Swarm


You were on level 5 of the Dungeon.
You worshipped Ignis.
Ignis was pleased with you.
You were a tree.
You visited 1 branch of the dungeon, and saw 5 of its levels.

You collected 2558 gold pieces.

Inventory:

Hand Weapons
 a - a +2 bardiche (weapon)
 k - a -1 mace of flaming
Missiles
 r - 14 poisoned darts (quivered)
Armour
 b - a +0 robe (melded)
 t - a +0 pair of gloves (melded)
Jewellery
 j - a +4 ring of evasion (left branch)
 u - an amulet of regeneration (around neck)
Scrolls
 d - a scroll of immolation
 f - a scroll of torment {unknown}
 i - a scroll of holy word {unknown}
 l - 2 scrolls of identify {unknown}
 m - 2 scrolls of fog {unknown}
 n - a scroll of teleportation {unknown}
 q - a scroll of blinking {unknown}
Potions
 c - 4 potions of curing {unknown}
 e - a potion of flight {unknown}
 g - 2 potions of lignification
 h - a potion of haste {unknown}
 o - a potion of ambrosia {unknown}
 p - a potion of attraction {unknown}
 s - a potion of degeneration {unknown}


   Skills:
 - Level 3.0 Fighting
 - Level 4.7 Maces & Flails
 + Level 7.5 Polearms
 + Level 1.4 Throwing
 - Level 1.0 Spellcasting
 - Level 3.0 Fire Magic


You had 8 spell levels left.
You didn't know any spells.
Your spell library contained the following spells:

 Spells                   Type           Power      Damage    Failure   Level
 Scorch                   Fire           18%        2d6       11%         2


Dungeon Overview and Level Annotations

Branches:
Dungeon (5/15)             Temple (0/1) D:4

Altars:
Wu Jian
The Shining One

Annotations:
D:3 Sigmund
D:5 Ijyb


Innate Abilities, Weirdness & Mutations

You are a tree.
Your roots penetrate the ground, keeping you stationary.
You cannot be teleported.
You are immune to unholy pain and torment.
Your maximum health is greatly increased.
Your equipment is partially melded.
((Your serpentine skin is tough. (AC +2)))
You have supernaturally acute eyesight. (SInv)
((Armour fits poorly on your strangely shaped body.))
((Your system is resistant to poisons. (rPois)))
((You cover ground very slowly.))
You can spit poison.
((You have a snake-like lower body.))


Message History

Ijyb is heavily wounded.
Unknown command.
Unknown command.
Unknown command.
Reach: a) +2 bardiche
Press: ? - help, Dir - move target, f - Ijyb
Aim: Ijyb, wielding a +2 dagger of speed, wearing a +0 scale mail and carrying a wand of acid (6) (heavily wounded, ally target, about 58% to evade your +2 bardiche)
You could not reach far enough!
The foxfire hits Ijyb but does no damage.
Ijyb is heavily wounded.
The foxfire hits Ijyb.
Ijyb is heavily wounded.
The foxfire hits Ijyb.
Ijyb is severely wounded.
The foxfire hits Ijyb but does no damage.
Ijyb is severely wounded.
The foxfire hits Ijyb.
Ijyb is almost dead.
The foxfire hits Ijyb.
Ijyb is almost dead.
The foxfire hits Ijyb but does no damage.
Ijyb is almost dead.
The foxfire hits Ijyb but does no damage.
Ijyb is almost dead.
The foxfire hits Ijyb but does no damage.
Ijyb is almost dead.
Ijyb hits you with a +2 dagger of speed.
Unknown command.
Reach: a) +2 bardiche
Press: ? - help, Dir - move target, f/p - Ijyb
Aim: Ijyb, wielding a +2 dagger of speed, wearing a +0 scale mail and carrying a wand of acid (6) (almost dead, about 58% to evade your +2 bardiche)
You closely miss Ijyb.
Ijyb is almost dead.
Ijyb hits you but does no damage.
Ijyb zaps a wand.
The bolt of acid hits you!!
* * * LOW HITPOINT WARNING * * *
The acid corrodes you!
You closely miss Ijyb.
Ijyb is almost dead.
Ijyb zaps a wand.
The bolt of acid hits you!
You die...

## ##.#.## .....##
###.#...##
........##
#.......#
#.......#
#..g♣...#
##.....## ##...##
##.## #.#
######### #.#
.####...<...####.#
........<........#
#####.#..##.######


You could see Ijyb.

Vanquished Creatures
  Pikel (D:4)
  An ogre (D:3)
  Jessica (D:3)
  2 iguanas (D:4)
  3 orc wizards (D:4)
  4 adders
  4 gnolls
  2 adder skeletons (D:4)
  2 worms (D:1)
  2 dart slugs
  4 orcs
  6 endoplasms
  3 giant cockroaches
  6 goblins
  5 hobgoblins
  4 jackals (D:4)
  2 quokkas
  6 ball pythons
  A bat (D:2)
  2 frilled lizards
  5 kobolds
  5 rats (D:1)
71 creatures vanquished.

Vanquished Creatures (others)
  84 foxfires
84 creatures vanquished.

Grand Total: 155 creatures vanquished

Notes
Turn   | Place    | Note
-------+----------+-------------------------------------------
     0 | D:1      | SnakkuSnakku7 the Naga Cinder Acolyte began the quest for
                  | the Orb.
     0 | D:1      | Reached XP level 1. HP: 21/21 MP: 2/2
     2 | D:1      | Noticed a minotaur skeleton
     3 | D:1      | Noticed a minotaur skeleton
    15 | D:1      | Noticed a minotaur skeleton
   104 | D:1      | Found a faded altar of an unknown god.
   339 | D:1      | Reached XP level 2. HP: 3/28 MP: 3/3
  1321 | D:2      | Reached XP level 3. HP: 9/34 MP: 4/4
  1783 | D:2      | Noticed Sigmund
  2221 | D:1      | Identified 2 scrolls of acquirement
  2221 | D:1      | Acquired 1202 gold pieces
  2223 | D:1      | Acquired 1203 gold pieces
  2978 | D:2      | Reached XP level 4. HP: 36/42 MP: 5/5
  3064 | D:3      | Reached skill level 1 in Polearms
  3106 | D:3      | Noticed an ogre
  3113 | D:3      | Killed an ogre
  3114 | D:3      | Reached skill level 3 in Polearms
  3114 | D:3      | Reached XP level 5. HP: 35/49 MP: 6/6
  3333 | D:3      | Noticed Jessica
  3339 | D:3      | Killed Jessica
  3366 | D:3      | Reached skill level 4 in Polearms
  3557 | D:3      | Reached XP level 6. HP: 15/56 MP: 7/7
  4068 | D:4      | Noticed Pikel
  4092 | D:4      | Killed Pikel
  4093 | D:4      | Reached skill level 7 in Polearms
  4093 | D:4      | Reached XP level 7. HP: 50/62 MP: 8/8
  4151 | D:4      | Found a staircase to the Ecumenical Temple.
  4269 | D:4      | Found a glowing golden altar of the Shining One.
  4598 | D:4      | Reached skill level 1 in Throwing
  4771 | D:4      | Found an ornate altar of the Wu Jian Council.
  4820 | D:5      | Entered Level 5 of the Dungeon
  4845 | D:5      | Noticed Ijyb
  4851 | D:5      | Killed from afar by Ijyb

Illustrated notes

Levels and vault maps discovered:
D:1:      shiori_arrival_whats_in_store_for_you, layout_rooms,
          hellmonk_ecumenical_altar_blasted
D:2:      layout_rooms, nicolae_wormholes, uniq_sigmund
D:3:      layout_basic, st_stairs_3, uniq_jessica
D:4:      layout_basic, tso_oasis_becter, nzn_wu_jian_council_hall,
          temple_statues, uniq_pikel
D:5:      layout_loops_cross, marbit_many_paths, lemuel_crystal_altar,
          serial_shops, shop, portal_sewer_entry_e,
          nicolae_shop_overcharged_wands, uniq_grinder, uniq_ijyb

Skill      XL: |  1  2  3  4  5  6  7 |
---------------+----------------------+-----
Maces & Flails | 4 |  4.7
Polearms       | 3 4 7 |  7.5
Throwing       | 1 |  1.4
Fighting       | |  3.0
Spellcasting   | |  1.0
Fire Magic     | |  3.0

Action                   |  1- 3 |  4- 6 |  7- 9 || total
-------------------------+-------+-------+-------++-------
Melee: Mace              |    63 |       |       ||    63
       Bardiche          |     3 |    56 |    49 ||   108
Throw: Dart              |       |       |     3 ||     3
Invok: Foxfire Swarm     |     3 |     1 |     1 ||     5
       Rising Flame      |     1 |       |       ||     1
       Fiery Armour      |       |     1 |       ||     1
 Abil: Spit Poison       |    17 |     7 |     4 ||    28
  Use: Scroll            |     4 |       |       ||     4
       Potion            |       |       |     1 ||     1
Armor: Robe              |    15 |     5 |    16 ||    36
       Skin              |       |       |     1 ||     1
Dodge: Dodged            |    39 |    34 |    39 ||   112

Table legend: (Time is in decaauts)
 A = Elapsed time spent in this place.
 B = Non-inter-level travel time spent in this place.
 C = Inter-level travel time spent in this place.
 D = Time resting spent in this place.
 E = Time spent auto-exploring this place.
 F = Levels seen in this place.
 G = Mean time per level.
                   A        B        C        D        E       F      G
               +--------+--------+--------+--------+--------+-----+--------+
         Total |   5797 |   5517 |    280 |   1755 |   2561 |   5 | 1159.4 |
       Dungeon |   5797 |   5517 |    280 |   1755 |   2561 |   5 | 1159.4 |
               +--------+--------+--------+--------+--------+-----+--------+

Top non-repeatable levels by time:
     D:1: 1893 daAuts
     D:2: 1518 daAuts
     D:3: 1229 daAuts
     D:4: 1113 daAuts
     D:5: 42 daAuts
